 Dungeon Crawl Stone Soup version 0.23-a0-143-g1adec7b (console) character file.

8173 removed the Basher (level 10, -6/83 HPs)
             Began as a Demigod Summoner on Sept 6, 2018.
             Mangled by an ice devil (14 damage)
             ... on level 11 of the Dungeon.
             The game lasted 00:28:01 (14302 turns).

removed the Basher (Demigod Summoner)              Turns: 14302, Time: 00:28:02

Health: -6/83      AC:  8    Str: 11    XL:     10   Next: 78%
Magic:  21/21      EV: 16    Int: 25    God:
Gold:   511        SH:  0    Dex: 21    Spells: 16/19 levels left

rFire    + . .     SeeInvis .   a - +3 whip (elec)
rCold    . . .     Gourm    .   (no shield)
rNeg     . . .     Faith    .   L - +0 troll leather armour
rPois    .         Spirit   .   Y - +0 helmet
rElec    .         Reflect  .   Z - +0 cloak
rCorr    .         Harm     .   (no gloves)
MR       +....                  q - +1 pair of boots
Stlth    ++........             (no amulet)
HPRegen  0.63/turn              w - +5 ring of dexterity
MPRegen  0.17/turn              K - ring of protection from fire

@: no status effects
A: high mp 1
a: no special abilities


You were on level 11 of the Dungeon.
You were not hungry.

You visited 1 branch of the dungeon, and saw 11 of its levels.

You collected 680 gold pieces.
You spent 169 gold pieces at shops.

Inventory:

Hand Weapons
 a - a +3 whip of electrocution (weapon)
 b - a +0 short sword of venom
 c - a +1 whip of freezing
 k - a +0 whip
 p - a +3 scimitar of flaming
 A - a +1 morningstar of freezing
 D - a +0 blowgun
 H - the +5 short sword "Sayf" {antimagic, rF+ Stlth+}
   (You found it on level 8 of the Dungeon)

   It reduces the magical energy of the wielder, and disrupts the spells and
   magical abilities of those hit.
   Natural abilities and divine invocations are not affected.
   It protects you from fire.
   It makes you more stealthy.
 O - a +2 dagger of draining
Missiles
 E - 37 poisoned needles
 F - 8 curare-tipped needles
Armour
 d - a +0 robe
 q - a +1 pair of boots (worn)
 y - a +0 leather armour of poison resistance
 L - a +0 troll leather armour (worn)
 T - a +0 buckler
 Y - a +0 helmet (worn)
 Z - a +0 cloak (worn)
Jewellery
 r - an uncursed ring of positive energy
 w - a +5 ring of dexterity (left hand)
 K - a ring of protection from fire (right hand)
 P - an uncursed ring of fire
Wands
 x - a wand of disintegration (43)
 M - a wand of enslavement (7)
 W - a wand of polymorph (11)
Scrolls
 l - a scroll of identify
 o - a scroll of holy word {unknown}
 s - 2 scrolls of teleportation
 z - a scroll of immolation
 C - a scroll of amnesia
 G - 4 scrolls of enchant weapon
 J - 4 scrolls of fog
 V - 2 scrolls of fear
 X - 3 scrolls of remove curse
Potions
 h - 2 potions of degeneration
 i - a potion of magic
 m - 3 potions of brilliance
 n - 2 potions of might
 t - 5 potions of heal wounds
 u - 3 potions of curing
 v - 3 potions of ambrosia
 B - 2 potions of berserk rage
 I - a potion of flight
 Q - 3 potions of haste
 R - 3 potions of cancellation
Comestibles
 S - 18 rations
 U - 2 chunks of flesh


   Skills:
 - Level 6.1 Fighting
 + Level 11.9 Maces & Flails
 - Level 6.0 Dodging
 - Level 1.7 Stealth
 - Level 5.0 Spellcasting
 - Level 3.6 Summonings


You had 16 spell levels left.
You knew the following spells:

 Your Spells              Type           Power        Failure   Level  Hunger
a - Summon Small Mammal   Summ           ###.         2%          1    None
b - Call Imp              Summ           ###.....     3%          2    None

Your spell library contained the following spells:

 Spells                   Type           Power        Failure   Level  Hunger
 Call Canine Familiar     Summ           ###.....     8%          3    ##.....
 Summon Guardian Golem    Hex/Summ       ###.....     16%         3    ##.....
 Summon Ice Beast         Ice/Summ       ###.....     45%         4    ####...
 Summon Lightning Spire   Summ/Air       ###.....     45%         4    ####...
 Ice Form                 Ice/Tmut       #.......     71%         4    ####...
 Metabolic Englaciation   Hex/Ice        #.........   96%         5    #####..
 Bolt of Cold             Conj/Ice       #.........   100%        6    #######
 Freezing Cloud           Conj/Ice/Air   #.........   100%        6    #######
 Ozocubu's Refrigeration  Ice            #.........   100%        6    #######
 Simulacrum               Ice/Necr       #.........   100%        6    #######


Dungeon Overview and Level Annotations

Branches:
Dungeon (11/15)            Temple (0/1) D:6            Lair (0/6) D:10
    Orc (0/2) D:9

Shops:
D:4 %   D:5 !   D:11 (

Portals:
Ice
Cave: D:11

Annotations:
D:7 3 runed doors, HaroldButt's ghost, novice GnWr
D:8 3 runed doors, iamserjio's ghost, novice OpSu
D:11 Josephine


Innate Abilities, Weirdness & Mutations

You have an increased reservoir of magic. (+10% MP)


Message History

Aiming: Scattershot
Press: ? - help, Shift-Dir - straight line, f/p - ice devil
Aim: an ice devil (moderately wounded)
The burst of metal fragments hits the ice devil. x4
The ice devil is heavily wounded.
The now-empty wand crumbles to dust.
The ice devil hits you but does no damage.
Unknown command.
Evoke which item? (* to show all) (? for menu, Esc to quit)
You don't have any such object.
Evoke which item? (* to show all) (? for menu, Esc to quit)
Okay, then.
You hit the ice devil.
The ice devil is heavily wounded.
You hit the ice devil.
The ice devil is severely wounded.
The ice devil hits you.
* * * LOW HITPOINT WARNING * * *
The ice devil freezes you!
You die...

#.....### #..
#.....##... ###.#
##....##....##.+.#
########∩......#.#
#.....##....##.'.#
#.....##.. ###.#
#.....## #4#
'.....####### #4#
#...........# #@#
#...........# #.#
#...........#
#.###
#########'###
#...# #..# ###.##
##.## #..# #..#
##.# ######.###
#.# ##........#
######.###


You could see 2 ice devils.

Vanquished Creatures
  Erolcha (D:10)
  Erica (D:11)
  Pikel (D:6)
  A centaur zombie (D:10)
  A troll (D:11)
  Prince Ribbit (D:9)
  A hippogriff (D:9)
  A yak (D:10)
  A water moccasin (D:8)
  2 porcupines (D:10)
  2 slaves
  6 black bears
  2 orc warriors
  3 ice beasts
  3 ogres
  A phantom (D:6)
  5 centaurs
  A crocodile (D:10)
  3 big kobolds
  2 gnoll sergeants
  7 bullfrogs
  5 scorpions
  3 wights (D:11)
  2 howler monkeys
  A bullfrog zombie (D:9)
  5 crimson imps
  4 hounds
  A jelly (D:7)
  A quasit (D:6)
  8 orc priests
  4 bullfrog skeletons
  Jessica (D:2)
  8 orc wizards
  11 worker ants
  3 iguanas
  A killer bee zombie (D:8)
  A worker ant zombie (D:9)
  12 gnolls
  17 adders
  A shadow imp (D:10)
  An ooze (D:2)
  2 adder zombies
  A worm (D:5)
  3 dart slugs (D:1)
  5 leopard geckos
  22 orcs
  A ball python (D:4)
  5 bats
  4 giant cockroaches
  12 goblins
  8 hobgoblins
  26 kobolds
  6 quokkas
  10 frilled lizards
  A jackal skeleton (D:6)
  4 quokka skeletons
  11 rats
257 creatures vanquished.

Vanquished Creatures (collateral kills)
  3 ogres
  A crimson imp (D:6)
  A jelly (D:4)
  An iguana (D:4)
  Ijyb (D:3)
  2 gnolls
  An adder (D:5)
  An ooze (D:1)
  A worm (D:2)
  An orc (D:3)
  A bat (D:2)
  2 goblins (D:4)
  3 kobolds
  A rat (D:3)
20 creatures vanquished.

Vanquished Creatures (others)
  An orc (D:9)
  A quokka (D:9)
  A fungus (D:8)
  4 plants
7 creatures vanquished.

Grand Total: 284 creatures vanquished

Notes
Turn   | Place    | Note
-------+----------+-------------------------------------------
     0 | D:1      | removed the Demigod Summoner began the quest for the Orb.
     0 | D:1      | Reached XP level 1. HP: 14/14 MP: 5/5
   390 | D:1      | Reached XP level 2. HP: 20/20 MP: 5/8
  1147 | D:1      | Reached XP level 3. HP: 22/26 MP: 10/10
  2447 | D:2      | Learned a level 2 spell: Call Imp
  2518 | D:2      | Noticed Jessica
  2527 | D:2      | Killed Jessica
  2527 | D:2      | Reached XP level 4. HP: 24/33 MP: 13/13
  2722 | D:3      | Reached skill level 1 in Fighting
  2769 | D:3      | Noticed Ijyb
  2786 | D:3      | Killed Ijyb
  2968 | D:3      | Found a blossoming altar of Fedhas.
  3383 | D:3      | Reached XP level 5. HP: 41/41 MP: 14/14
  3850 | D:4      | Found a shimmering altar of Xom.
  4082 | D:4      | Noticed an angel
  4303 | D:4      | Found an iron altar of Okawaru.
  4345 | D:4      | Reached XP level 6. HP: 39/48 MP: 9/15
  4644 | D:4      | Found a glowing silver altar of Zin.
  4814 | D:4      | Found a sacrificial altar of Ru.
  5067 | D:4      | Found Vomasey's Food Shop.
  5256 | D:5      | Entered Level 5 of the Dungeon
  5487 | D:5      | Reached XP level 7. HP: 32/57 MP: 17/17
  5836 | D:5      | Reached skill level 5 in Spellcasting
  6118 | D:5      | Found Zorez's Distillery.
  6161 | D:5      | Found a shadowy altar of Dithmenos.
  6161 | D:5      | Found a hide-covered altar of Uskayaw.
  6812 | D:6      | Reached skill level 5 in Fighting
  6919 | D:6      | Reached skill level 5 in Dodging
  7041 | D:6      | Reached XP level 8. HP: 54/68 MP: 19/19
  7430 | D:6      | Found a shattered altar of Ashenzari.
  7657 | D:6      | Found a bloodstained altar of Trog.
  7847 | D:6      | Found a staircase to the Ecumenical Temple.
  8137 | D:7      | Found a runed gate.
  8138 | D:7      | Found a runed gate.
  8139 | D:7      | Found a runed gate.
  8574 | D:7      | Noticed HaroldButt's ghost (novice GnWr)
  8706 | D:7      | Reached skill level 1 in Maces & Flails
  9209 | D:7      | Reached skill level 2 in Maces & Flails
  9457 | D:7      | Reached skill level 3 in Maces & Flails
  9912 | D:6      | Found a shattered altar of Ashenzari.
 10082 | D:6      | Found a bloodstained altar of Trog.
 10306 | D:6      | Found a staircase to the Ecumenical Temple.
 10484 | D:6      | Noticed Pikel
 10496 | D:6      | Killed Pikel
 10496 | D:6      | Reached skill level 4 in Maces & Flails
 10623 | D:5      | Bought a potion of haste for 130 gold pieces
 10623 | D:5      | Bought a potion of curing for 39 gold pieces
 10719 | D:7      | Reached skill level 5 in Maces & Flails
 10719 | D:7      | Reached XP level 9. HP: 74/75 MP: 20/20
 11038 | D:8      | Got an iridescent short sword
 11039 | D:8      | Identified the +5 short sword "Sayf" {antimagic, rF+
                  | Stlth+} (You found it on level 8 of the Dungeon)
 11116 | D:8      | Reached skill level 6 in Maces & Flails
 11161 | D:8      | Found a sparkling altar of Nemelex Xobeh.
 11187 | D:8      | Found a hazy altar of Hepliaklqana.
 11251 | D:8      | Found a runed gate.
 11256 | D:8      | Found a runed gate.
 11256 | D:8      | Found a runed gate.
 11256 | D:8      | Noticed iamserjio's ghost (novice OpSu)
 11421 | D:8      | Found a deep blue altar of Sif Muna.
 11503 | D:8      | Reached skill level 7 in Maces & Flails
 12164 | D:8      | Reached skill level 8 in Maces & Flails
 12449 | D:9      | Found a staircase to the Orcish Mines.
 12479 | D:9      | Found an ornate altar of the Wu Jian Council.
 12757 | D:9      | Reached skill level 9 in Maces & Flails
 12780 | D:9      | Found a white marble altar of Elyvilon.
 12812 | D:9      | Noticed Prince Ribbit
 12836 | D:9      | Killed Prince Ribbit
 13005 | D:10     | Entered Level 10 of the Dungeon
 13022 | D:10     | Reached XP level 10. HP: 75/83 MP: 21/21
 13055 | D:10     | Found a staircase to the Lair.
 13213 | D:10     | Reached skill level 10 in Maces & Flails
 13767 | D:10     | Noticed Erolcha
 13778 | D:10     | Killed Erolcha
 13778 | D:10     | Reached skill level 11 in Maces & Flails
 13911 | D:11     | Noticed Sonja
 13914 | D:11     | Noticed Sonja
 13914 | D:11     | Sonja changed into Sonja the black bear
 13923 | D:11     | Killed Sonja the black bear
 13930 | D:11     | Noticed Josephine
 14000 | D:11     | Noticed Erica
 14023 | D:11     | Killed Erica
 14024 | D:11     | Found Feheg's Weapon Shop.
 14286 | D:11     | Found a frozen archway.
 14302 | D:11     | Mangled by an ice devil

Vault maps used:
D:1:      dpeg_arrival_ratfight
D:2:      uniq_jessica
D:3:      nicolae_overflow_crystal_walls, uniq_ijyb
D:4:      grunt_temple_overflow_order_and_chaos_1, kennysheep_okawaru_gauntlet,
          nicolae_ru_awakened_eye, serial_shops, kennysheep_little_box
D:5:      gammafunk_temple_overflow_statue, serial_shops, shop_statue,
          first_ration
D:6:      kennysheep_big_flooded_room, lemuel_doored_altar, old_standard_altar,
          minmay_temple_entry_enclosed_plants, nrook_loot_triangle, uniq_pikel
D:7:      gammafunk_ghost_icy
D:8:      kennysheep_orc_sif_temple, old_standard_altar,
          nemelex_xobeh_ov_fountains_minmay, gammafunk_ghost_nasty_kobolds
D:9:      elyvilon_altar_4, kennysheep_mini, uniq_prince_ribbit1
D:10:     due_lair_maze_entry_diamond, uniq_erolcha
D:11:     serial_shops, shop, portal_ice_cave_demonic_guard,
          minmay_misc_feat_rows, uniq_josephine, uniq_erica, uniq_sonja

Skill      XL: |  1  2  3  4  5  6  7  8  9 10 |
---------------+-------------------------------+-----
Spellcasting   | 2 3 4 5 |  5.0
Fighting       | 2 3 5 6 |  6.1
Dodging        | 3 4 5 6 |  6.0
Maces & Flails | 5 9 11 | 11.9
Stealth        | |  1.7
Summonings     | |  3.6

Action                   |  1- 3 |  4- 6 |  7- 9 | 10-12 || total
-------------------------+-------+-------+-------+-------++-------
Melee: Whip              |    55 |       |   478 |   185 ||   718
       Dagger            |    72 |   178 |    39 |       ||   289
       Short sword       |       |     7 |    24 |       ||    31
 Cast: Summon Small Mamm |    18 |    19 |    14 |       ||    51
       Call Imp          |       |    13 |    10 |       ||    23
Evoke: Wand              |       |       |       |     8 ||     8
  Use: Scroll            |     4 |     8 |    10 |       ||    22
 Stab: Sleeping          |     7 |     3 |     3 |       ||    13
       Distracted        |       |     1 |     1 |     1 ||     3
  Eat: Chunk             |     5 |    10 |    17 |     4 ||    36
       Ration            |       |       |     2 |       ||     2
Armor: Robe              |    19 |    11 |       |       ||    30
       Leather armour    |       |    31 |    95 |    23 ||   149
       Troll leather arm |       |       |       |     5 ||     5
Dodge: Dodged            |    72 |   114 |   364 |   107 ||   657

Table legend:
 A = Non-vault XP
 B = Vault XP
 C = Vault XP percentage of total XP
 D = Non-vault monster count
 E = Vault monster count
 F = Vault count percentage of total count
                 A         B        C        D         E       F
            +---------+---------+-------+---------+---------+-------
      Total |    7093 |    4584 |  39.3 |     247 |      28 |  10.2
            +---------+---------+-------+---------+---------+-------
        D:1 |      51 |       5 |   8.9 |      25 |       5 |  16.7
        D:2 |      49 |      37 |  43.0 |      20 |       1 |   4.8
        D:3 |     178 |      20 |  10.1 |      31 |       1 |   3.1
        D:4 |     493 |       2 |   0.4 |      19 |       2 |   9.5
        D:5 |     288 |       0 |   0.0 |      17 |       0 |   0.0
        D:6 |     611 |     748 |  55.0 |      18 |       3 |  14.3
        D:7 |     997 |       0 |   0.0 |      27 |       0 |   0.0
        D:8 |    1284 |     207 |  13.9 |      39 |       3 |   7.1
        D:9 |    1224 |     277 |  18.5 |      21 |       1 |   4.5
       D:10 |    1206 |    2237 |  65.0 |      20 |      10 |  33.3
       D:11 |     712 |    1051 |  59.6 |      10 |       2 |  16.7
            +---------+---------+-------+---------+---------+-------
